 Dungeon Crawl Stone Soup version 0.18.1-48-g4cf74bf (webtiles) character file.

5329 Joat the Nimble (level 10, -5/106 HPs)
             Began as an Octopode Fighter on Aug 26, 2016.
             Was a Follower of Ashenzari.
             Killed by Freeze
             ... invoked by Galewind's ghost
              (24 damage)
             ... on level 1 of the Lair of Beasts on Aug 27, 2016.
             The game lasted 01:00:04 (10145 turns).

Joat the Nimble (Octopode Fighter)                 Turns: 10145, Time: 01:00:04

Health: -5/106     AC: 25    Str: 16    XL:     10   Next: 64%
Magic:  3/3        EV:  2    Int: 14    God:    Ashenzari [*.....]
Gold:   614        SH: 13    Dex: 15    Spells: 0 memorised, 9 levels left

rFire  . . .     SeeInvis .     l - +2 mace (antimagic)
rCold  . . .     Gourm    +     b - +2 shield (curse)
rNeg   + + +     Faith    .     (helmet currently unavailable)
rPois  +         Spirit   .     K - amulet of the gourmand (curse)
rElec  .         Dismiss  .     C - ring of poison resistance
rCorr  .         Reflect  .     m - ring of stealth
SustAt .         Harm     .     z - +4 ring of intelligence
MR     .....     NoTele   +     (no ring)
Stlth  ++++......               (no ring)
                                (no ring)
                                (no ring)
                                (no ring)

@: tree-form, not resistant to hostile enchantments, stealthy
A: almost no armour, (amphibious), 8 rings, (constrict 8), (camouflage 0),
(gelatinous body 0)
a: Curse Item, Scrying, Renounce Religion


You were on level 1 of the Lair of Beasts.
You worshipped Ashenzari.
Ashenzari was aware of your devotion.
You were very full.
You were a tree.
You visited 3 branches of the dungeon, and saw 11 of its levels.

You collected 689 gold pieces.
You spent 75 gold pieces at shops.

Inventory:

Hand Weapons
 a - a +0 war axe
 e - a +0 whip of venom
 l - a +2 antimagic mace (weapon)
 t - a +2 whip of freezing
Armour
 b - a cursed +2 shield (worn)
Jewellery
 m - a ring of stealth (right branch)
 z - a +4 ring of intelligence (on tentacle)
 A - an uncursed ring of ice
 C - a ring of poison resistance (left branch)
 K - a cursed amulet of the gourmand (around neck)
 T - a +3 amulet of reflection
Wands
 i - a wand of lightning (0/15)
 y - a wand of random effects (11/48)
 H - a wand of flame (16/48)
 L - a wand of flame (34/48)
 M - a wand of flame (16/48)
 Q - a wand of paralysis (3/24)
 U - a wand of paralysis (12/24)
Scrolls
 f - 4 scrolls of fear
 h - 2 scrolls of recharging
 j - a scroll of teleportation
 n - 5 scrolls of amnesia
 J - 5 scrolls of identify
 O - a scroll of blinking
Potions
 c - 2 potions of might
 g - 2 potions of degeneration
 k - a potion of invisibility
 o - 3 potions of flight
 r - 5 potions of brilliance
 u - 3 potions of curing
 v - a potion of heal wounds
 x - 2 potions of cure mutation
 B - 2 potions of ambrosia
 D - 2 potions of agility
 G - 2 potions of haste
 R - a potion of mutation
 S - a potion of resistance
Books
 s - a book of Alchemy

   Spells                             Type                      Level
   a - Sublimation of Blood           Necromancy                   2
   b - Ignite Poison                  Fire/Transmutation/Poison    3
   c - Petrify                        Transmutation/Earth          4
   d - Alistair's Intoxication        Transmutation/Poison         5
   e - Irradiate                      Conjuration/Transmutation    5
 I - a book of Enchantments

   Spells                             Type                      Level
   a - Cause Fear                     Hexes                        4
   b - Yara's Violent Unravelling     Hexes/Transmutation          5
   c - Silence                        Hexes/Air                    5
   d - Deflect Missiles               Charms/Air                   6
   e - Haste                          Charms                       6
   f - Discord                        Hexes                        8
Comestibles
 d - 9 bread rations
 p - a royal jelly
 q - 6 meat rations
 w - 5 beef jerkies
 E - a fruit
 N - a slice of pizza


   Skills:
 + Level 7.2 Fighting
 - Level 4.3(5.4) Axes
 + Level 5.0(5.7) Maces & Flails
 + Level 10.2 Dodging
 + Level 3.5 Stealth
 + Level 7.8 Shields
 - Level 0.4 Evocations


You had 9 spell levels left.
You didn't know any spells.

Dungeon Overview and Level Annotations

Branches:
Dungeon (9/15)             Temple (1/1) D:5            Lair (1/8) D:9
    Orc: D:9-12

Altars:
Ashenzari
Cheibriados
Dithmenos
Elyvilon
Fedhas
Kikubaaqudgha
Makhleb
Nemelex Xobeh
Okawaru
Pakellas
Qazlal
Ru
Xom
Yredelemnul
Zin
The Shining One

Shops:
D:6 [*[*

Annotations:
Lair:1 Galewind's ghost, journeyman DECj; Sonja


Innate Abilities, Weirdness & Mutations

You cannot wear most types of armour.
((You are amphibious.))
You can wear up to eight rings at the same time.
((You can use your tentacles to constrict eight enemies at once.))
((Your skin changes colour to match your surroundings (Stealth).))
((Your rubbery body absorbs attacks (AC +1).))


Message History

Galewind's ghost is lightly damaged.
Galewind's ghost points at you and mumbles some strange words.
Helpless, you fail to dodge the orb of energy.
The orb of energy explodes!
You sock Galewind's ghost!
Galewind's ghost's magic leaks into the air.
Galewind's ghost is moderately damaged.
Galewind's ghost points at you and mumbles some strange words.
The poison arrow hits you!
You are poisoned.
You partially resist.
* * * LOW HITPOINT WARNING * * *
Galewind's ghost points at you and mumbles some strange words.
You are frozen.
* * * LOW HITPOINT WARNING * * *
Drink which item? (? for menu, Esc to quit)
You feel better. Galewind's ghost casts a spell at you.
You are frozen.
You die...

.................................
.................................
#......#########......########...
#......# #### #.....## #.#'
#......##..... #......# #....
.............. #.....## #P.#.
#......##..... #.....# ....#.
.......# .... #.....# ... .#
#......# ... #♣....# ... #..
#......## ## #W....####..##..#
.......#.#######.....##.##.#.#.##
.............§...................
...........W.....................
.......(.....§[..................
....F............................
.....>...........................
#.P..........(.....######.####...


You could see Galewind's ghost.

Vanquished Creatures
  The ghost of Joat the Ducker, a novice OpTm of Vehumet (D:6)
  Pikel (D:4)
  A spiny frog (Lair:1)
  Sigmund (D:2)
  A wyvern (D:8)
  Eustachio (D:5)
  Menkaure (D:5)
  Edmund (D:5)
  3 water moccasins (Lair:1)
  2 porcupines (Lair:1)
  An ice beast (D:6)
  A sky beast (D:5)
  2 black bears
  3 phantoms
  An ogre (D:7)
  A centaur (D:8)
  A crocodile (Lair:1)
  A big kobold (D:8)
  An elf zombie (D:7)
  4 giant frogs
  A water moccasin zombie (D:5)
  2 scorpions
  3 wights (D:7)
  A howler monkey (D:5)
  A troll skeleton (D:7)
  4 crimson imps
  A centaur zombie (D:8)
  A quasit (D:6)
  2 orc priests
  A jelly (D:7)
  Crazy Yiuf (D:5)
  2 human zombies (D:7)
  4 hounds
  7 orc wizards
  A giant frog skeleton (D:5)
  3 human skeletons (D:7)
  6 worker ants
  Ijyb (D:2)
  An ogre skeleton (D:7)
  A mummy (D:7)
  A howler monkey zombie (D:8)
  Robin (D:3)
  A howler monkey skeleton (D:5)
  10 adders
  3 shadow imps
  An ooze (D:1)
  3 giant geckos
  36 orcs
  2 giant cockroaches
  10 hobgoblins
  6 jackals
  3 quokkas
  2 ball pythons
  9 bats
  A giant newt (D:1)
  25 goblins
  16 kobolds
  A quokka skeleton (D:4)
  4 rats
  3 fungi (D:9)
211 creatures vanquished.

Notes
Turn   | Place    | Note
--------------------------------------------------------------
     0 | D:1      | Joat the Octopode Fighter began the quest for the Orb.
     0 | D:1      | Reached XP level 1. HP: 16/16 MP: 1/1
    76 | D:1      | Reached XP level 2. HP: 21/21 MP: 2/2
   392 | D:1      | Reached XP level 3. HP: 18/26 MP: 3/3
  1218 | D:2      | Noticed Sigmund
  1254 | D:2      | Noticed Ijyb
  1263 | D:2      | Killed Ijyb
  1263 | D:2      | Reached XP level 4. HP: 24/32 MP: 4/4
  2030 | D:2      | Killed Sigmund
  2030 | D:2      | Reached skill level 4 in Dodging
  2030 | D:2      | Reached XP level 5. HP: 20/37 MP: 5/5
  2030 | D:2      | Reached XP level 6. HP: 23/43 MP: 6/6
  2257 | D:3      | Found an ancient bone altar of Kikubaaqudgha.
  2450 | D:3      | Reached skill level 5 in Dodging
  2819 | D:3      | Noticed Robin
  2870 | D:3      | Killed Robin
  3030 | D:4      | Reached XP level 7. HP: 33/48 MP: 7/7
  3666 | D:5      | Entered Level 5 of the Dungeon
  3692 | D:5      | Found a staircase to the Ecumenical Temple.
  3743 | Temple   | Entered the Ecumenical Temple
  3748 | Temple   | Became a worshipper of Ashenzari the Shackled
  4021 | D:5      | Noticed Edmund
  4178 | D:5      | Noticed Eustachio
  4185 | D:5      | Killed Eustachio
  4185 | D:5      | Reached skill level 6 in Dodging
  4386 | D:5      | Reached XP level 8. HP: 29/54 MP: 8/8
  4626 | D:5      | Noticed Crazy Yiuf
  4636 | D:5      | Killed Crazy Yiuf
  4802 | D:5      | Reached skill level 5 in Shields
  4835 | D:5      | Noticed Menkaure
  4842 | D:5      | Killed Menkaure
  4842 | D:5      | Reached skill level 7 in Dodging
  5137 | D:5      | Killed Edmund
  5137 | D:5      | Reached skill level 5 in Fighting
  5438 | D:4      | Noticed Pikel
  5475 | D:4      | Killed Pikel
  5475 | D:4      | Reached skill level 1 in Maces & Flails
  5475 | D:4      | Reached skill level 8 in Dodging
  5475 | D:4      | Reached XP level 9. HP: 43/61 MP: 3/9
  5540 | D:4      | Found a blossoming altar of Fedhas.
  5634 | D:4      | Found a burning altar of Makhleb.
  5985 | D:6      | Found Ninan's Armour Boutique.
  6312 | D:6      | Noticed Joat's ghost (novice OpTm)
  6326 | D:6      | Killed Joat's ghost
  6326 | D:6      | Reached skill level 9 in Dodging
  6459 | D:6      | Found Konecumu's General Store.
  6465 | D:6      | Bought a potion of heal wounds for 75 gold pieces
  6484 | D:6      | Found Tyfoij's Armour Emporium.
  6845 | D:6      | Found Hidiy's General Store.
  8072 | D:7      | Found a basalt altar of Yredelemnul.
  8079 | D:7      | Reached XP level 10. HP: 65/69 MP: 3/10
  8432 | D:7      | Reached * piety under Ashenzari
  8613 | D:8      | Found an iron altar of Okawaru.
  8852 | D:8      | Found a sparkling altar of Nemelex Xobeh.
  8854 | D:8      | Found a sacrificial altar of Ru.
  8855 | D:8      | Found an oddly glowing altar of Pakellas.
  8968 | D:8      | Reached skill level 10 in Dodging
  9205 | D:9      | Noticed a cyclops
  9427 | D:9      | Reached skill level 1 in Stealth
  9509 | D:9      | Found a staircase to the Lair.
  9524 | Lair:1   | Entered Level 1 of the Lair of Beasts
  9703 | Lair:1   | Noticed a spiny frog
  9713 | Lair:1   | Killed a spiny frog
  9781 | Lair:1   | Noticed Galewind's ghost (journeyman DECj)
  9894 | Lair:1   | Noticed Sonja
 10116 | Lair:1   | Noticed a spiny frog
 10132 | Lair:1   | Reached skill level 5 in Maces & Flails
 10145 | Lair:1   | Killed from afar by Galewind's ghost

Skill      XL: |  1  2  3  4  5  6  7  8  9 10 |
---------------+-------------------------------+-----
Fighting       | 4 5 6 7 |  7.2
Axes           | 3 4 |  4.3
Dodging        | 4 5 6 8 9 10 | 10.2
Shields        | 4 6 7 |  7.8
Maces & Flails | 1 3 5 |  5.0
Stealth        | 3 |  3.5
Evocations     | |  0.4

Action                   |  1- 3 |  4- 6 |  7- 9 | 10-12 || total
-------------------------+-------+-------+-------+-------++-------
Melee: War axe           |    56 |   100 |    57 |       ||   213
       Constrict         |    19 |    35 |    54 |    31 ||   139
       Tentacles         |     8 |    17 |    55 |    55 ||   135
       Mace              |       |       |   114 |   200 ||   314
       Whip              |       |       |    61 |       ||    61
Invok: Curse Item        |       |       |     1 |     1 ||     2
Evoke: Wand              |       |       |     3 |     4 ||     7
  Use: Scroll            |       |       |    16 |     3 ||    19
       Potion            |       |       |    10 |     4 ||    14
 Stab: Sleeping          |     7 |     4 |    11 |    13 ||    35
  Eat: Chunk             |     1 |     6 |    28 |     6 ||    41
Armor: Skin              |     5 |     6 |     6 |     6 ||    23
Dodge: Dodged            |    23 |    40 |   105 |    65 ||   233
Block: Shield            |    13 |    42 |   117 |    93 ||   265
